 Dungeon Crawl Stone Soup version 0.29.1-2-gbd0b4ee654 (webtiles) character file.

Game seed: 3786355587752132049

55 bullfish the Slasher (level 3, -3/29 HPs)
             Began as a Draconian Gladiator on Nov 14, 2022.
             Was a Follower of Okawaru.
             Killed by nerve-wracking pain
             ... invoked by Jessica
              (14 damage)
             ... on level 2 of the Dungeon.
             The game lasted 00:03:35 (2181 turns).

bullfish the Slasher (Draconian Gladiator)          Turns: 2181, Time: 00:03:36

Health: -3/29      AC:  0    Str: 16    XL:     3   Next: 67%
Magic:  3/3        EV: 20    Int:  8    God:    Okawaru [*.....]
Gold:   115        SH:  5    Dex: 19    Spells: 2/2 levels left

rFire   . . .      SeeInvis .   (weapon currently unavailable)
rCold   . . .      Faith    .   (shield currently unavailable)
rNeg    . . .      Spirit   .   (body armour unavailable)
rPois   .          Reflect  +   (helmet currently unavailable)
rElec   .          Harm     .   (cloak currently unavailable)
rCorr   .          Rampage  .   (gloves currently unavailable)
Will    .....                   (boots currently unavailable)
Stlth   ++........              n - amulet of reflection
HPRegen 0.09/turn               (ring currently unavailable)
MPRegen 0.08/turn               (ring currently unavailable)

@: bat-form, flying, slowed, quick
A: fast, flying, no casting, AC +5, tiny, unfitting armour, (cold-blooded)
a: Renounce Religion, Heroism


You were on level 2 of the Dungeon.
You worshipped Okawaru.
Okawaru was aware of your devotion.
You were a bat.
You visited 1 branch of the dungeon, and saw 2 of its levels.

You collected 115 gold pieces.

Inventory:

Hand Weapons
 a - a +0 long sword (melded)
Missiles
 c - 3 throwing nets (quivered)
 d - a javelin
 g - 14 stones
 k - 6 boomerangs
Armour
 b - a +0 hat (melded)
 o - a +2 pair of boots (melded)
Jewellery
 f - a ring of resist corrosion (melded)
 l - a ring of flight (melded)
 n - an amulet of reflection (around neck)
Scrolls
 h - 2 scrolls of identify {unknown}
 i - a scroll of magic mapping
 q - a scroll of silence {unknown}
Potions
 e - a potion of heal wounds {unknown}
 j - 3 potions of flight {unknown}
 m - a potion of curing {unknown}
 p - a potion of cancellation {unknown}


   Skills:
 - Level 2.1 Fighting
 + Level 4.7 Long Blades
 - Level 1.7 Throwing
 - Level 2.6 Dodging


You had 2 spell levels left.
You didn't know any spells.
Your spell library contained the following spells:

 Spells                   Type           Power      Damage    Failure   Level
 Static Discharge         Conj/Air       0%         3-3/arc   54%         2
 Dispel Undead            Necr           0%         3d6       99%         4
 Sticky Flame             Conj/Fire      0%         2d3       99%         4
 Blade Hands              Tmut           0%         N/A       100%        5
 Irradiate                Conj/Tmut      0%         3d11      100%        5
 Dragon Form              Tmut           0%         N/A       100%        7


Dungeon Overview and Level Annotations

Branches:
Dungeon (2/15)

Altars:
Okawaru

Annotations:
D:2 Jessica


Innate Abilities, Weirdness & Mutations

You are a bat.
You are tiny and dextrous.
You move quickly.
You are flying.
Your equipment is almost entirely melded.
You are incapable of wielding weapons or throwing items.
You cannot cast spells.
((Your plain brown scales are hard. (AC +5)))
You cannot fit into any form of body armour.
((You are cold-blooded and may be slowed by cold attacks.))


Message History

Jessica seems to speed up.
You block Jessica's attack.
You hit Jessica.
Jessica is lightly wounded.
Jessica barely misses you. Jessica casts a spell at you.
Pain shoots through your body!
You closely miss Jessica.
Your tail-slap misses Jessica.
Jessica is lightly wounded.
Jessica grins evilly.
You block Jessica's attack.
Jessica points at you and mumbles some strange words.
Pain shoots through your body!
You closely miss Jessica.
Jessica is lightly wounded.
Jessica casts a spell at you.
You feel yourself slow down.
You hit Jessica.
Your tail-slap misses Jessica.
Jessica is moderately wounded.
Jessica hits you with a +0 club. x2; Jessica barely misses you.
You hit Jessica but do no damage.
Your tail-slap misses Jessica.
Jessica is moderately wounded.
Jessica says, "I'm really upset."
Jessica zaps a wand.
You turn into a bat.
Your +0 long sword melds into your body.
Your +0 hat melds into your body.
Your +2 pair of boots melds into your body.
Your ring of resist corrosion melds into your body.
Your ring of flight melds into your body.
You float gracefully downwards.
Jessica misses you. Jessica barely misses you.
You hit Jessica but do no damage.
Jessica is moderately wounded.
You block Jessica's attack. Jessica hits you with a +0 club!
You are too injured to fight recklessly!
You are too injured to fight recklessly!
You are too injured to fight recklessly!
You are too injured to fight recklessly!
Jessica gestures at you while chanting. Pain shoots through your body!
You die...

#######.##..)...#.# #.#
#.......#.........# #.#
#.#######.###.###...#)#
#.....#.....#.###.###.#
#####.#.#.#.#...#.# #.#
#.....#.#.###.#.# #.#
#.....#...# #.#.# #.#
#.....#######.#.# #.#
#...b...........# #.#
#....#####......###.#
#..@..).............#
#....#####.....######
#....# #.....# #....#
####'## #....# #.#
#....# #.# ######
######.# #


You could see Jessica (fast).

Vanquished Creatures
  An adder (D:2)
  A worm (D:2)
  A dart slug (D:1)
  4 ball pythons
  5 endoplasms
  2 giant cockroaches (D:2)
  2 goblins
  4 hobgoblins
  3 jackals (D:1)
  A quokka (D:2)
  3 bats
  3 frilled lizards
  4 kobolds (D:2)
  6 rats
40 creatures vanquished.

Notes
Turn   | Place    | Note
-------+----------+-------------------------------------------
     0 | D:1      | bullfish the Draconian Gladiator began the quest for the
                  | Orb.
     0 | D:1      | Reached XP level 1. HP: 17/17 MP: 1/1
     2 | D:1      | Noticed a vampire
     2 | D:1      | Noticed an ogre
     4 | D:1      | Noticed a merfolk
     6 | D:1      | Noticed a ghoul
     6 | D:1      | Noticed a naga
     8 | D:1      | Noticed a troll
     8 | D:1      | Noticed a gargoyle
    10 | D:1      | Noticed a minotaur
    10 | D:1      | Noticed a palentonga
    12 | D:1      | Noticed a formicid
    14 | D:1      | Noticed an octopode
    14 | D:1      | Noticed a felid
    16 | D:1      | Noticed a vine stalker
    18 | D:1      | Noticed a meteoran
    18 | D:1      | Noticed a tengu
    20 | D:1      | Noticed a demonspawn
    20 | D:1      | Noticed an elf
    22 | D:1      | Noticed a spriggan
    22 | D:1      | Noticed a draconian
    24 | D:1      | Noticed a draconian
    24 | D:1      | Noticed a human
    26 | D:1      | Noticed a draconian
    26 | D:1      | Noticed an ogre
   313 | D:1      | Reached XP level 2. HP: 16/24 MP: 2/2
   629 | D:1      | Found a faded altar of an unknown god.
   672 | D:1      | Prayed at the altar of an unknown god.
   672 | D:1      | Became a worshipper of Warmaster Okawaru
   672 | D:1      | Reached * piety under Okawaru
   716 | D:1      | Reached skill level 4 in Long Blades
  1450 | D:2      | Reached XP level 3. HP: 28/29 MP: 3/3
  2172 | D:2      | Noticed Jessica
  2181 | D:2      | Killed from afar by Jessica

Illustrated notes

Levels and vault maps discovered:
D:1:      kb_arrival_jail, layout_loops_corners, serial_forest,
          infiniplex_forest_lined_corner, infiniplex_forest_straight_5,
          infiniplex_forest_end_3, infiniplex_forest_end_1,
          infiniplex_forest_lined_room_2, infiniplex_forest_straight_2,
          shapermc_ecumenical_altar_flowoftime
D:2:      layout_basic, uniq_jessica

Skill      XL: |  1  2 |
---------------+-------+-----
Long Blades    | 4 |  4.7
Fighting       | |  2.1
Throwing       | |  1.7
Dodging        | |  2.6

Action                   || total
-------------------------++-------
Melee: Long sword        ||   110
       Tailslap          ||    10
       Unarmed           ||     1
       Punch             ||     1
  Use: Scroll            ||     1
 Stab: Sleeping          ||     2
Armor: Skin              ||    25
Dodge: Dodged            ||    65
Block: Other             ||    18
       Reflection        ||     1
